AoeStats
← Capitão Caverna

Highland

506539633Analyzed
4v4 RM · 19d ago on Sep 14, 2026· 31m 3s· 8 players
Game mode
Random Map
Map size
Large (8 player)
Population
200
Speed
Normal
Resources
Standard
Victory
Conquest
Starting age
Dark Age
Ending age
Imperial Age
RankedLock teamsTeams togetherTeam positionsShared explorationLock speedFull tech treeHidden civsTurbo modeCheats
Victory
Defeat
🇵🇪 Khitans · Peru
1374
+13
🇲🇽 Wu · Mexico
1318
+15
🇲🇽 Tupi · Mexico
1296
+16
🇲🇽 Mongols · Mexico
1279
+17
🇧🇷 Magyars · Brazil
1360
-19
🇧🇷 Franks · Brazil
1301
-15
🇧🇷 Vietnamese · Brazil
1260
-14
🇧🇷 Ethiopians · Brazil
1255
-13
grinchekill
8:34 Loom
10:48 Feudal Age
15:33 Castle Age
14:08 Double-Bit Axe
18:22 Bow Saw
22:26 Fletching
23:11 Padded Archer Armor
24:16 Bloodlines
marcosvilelafjv
5:19 Loom
11:35 Feudal Age
16:35 Castle Age
Capitão Caverna
7:17 Loom
10:00 Feudal Age
11:08 Double-Bit Axe
11:06 Horse Collar
BYD Carburado
11:07 Feudal Age
15:42 Castle Age
20:58 Loom
23:01 Scale Barding Armor
23:18 Husbandry
Shaka GNU/Linux
10:27 Feudal Age
14:13 Castle Age
13:37 Fletching
13:58 Loom
23:07 Bodkin Arrow
26:07 Padded Archer Armor
26:35 Double-Bit Axe
31:50 Leather Archer Armor
davoAri
7:52 Loom
10:03 Feudal Age
10:44 Double-Bit Axe
14:21 Fletching
20:32 Gold Mining
24:31 Castle Age
24:39 Crossbowman
25:16 Bodkin Arrow
V1per
5:23 Loom
8:49 Feudal Age
11:44 Forging
15:29 Double-Bit Axe
16:08 Scale Barding Armor
15:47 Domestication
22:17 Castle Age
21:09 Gold Mining
22:21 Light Cavalry
23:38 Iron Casting
23:32 Bow Saw
24:51 Town Watch
26:57 Pastoralism
27:06 Husbandry
27:54 Wheelbarrow
31:35 Chain Barding Armor
[GDL]Cemento
5:38 Loom
6:21 Loom
9:01 Feudal Age
10:55 Double-Bit Axe
13:34 Forging
23:44 Castle Age
22:24 Scale Barding Armor
22:40 Bloodlines
25:04 Iron Casting
25:45 Husbandry
28:16 Chain Barding Armor
28:09 Horse Collar
29:00 Bow Saw
30:24 Wheelbarrow
29:38 Town Watch
30:05 Gold Mining
Connection lost

Rejoining the realm…

Still unreachable

The connection could not be restored.

Session expired

The server has moved on; the page needs a fresh start.